 Dungeon Crawl Stone Soup version 0.30-a0-793-g160f7cfddd (webtiles) character file.

Game seed: 15737392695898376039

63719 xian the Thaumaturge (level 14, -2/95 HPs)
             Began as a Demonspawn Ice Elementalist on Feb 18, 2023.
             Was a High Priest of Sif Muna.
             Killed from afar by a fire dragon (31 damage)
             ... with a blast of flame
             ... on level 5 of the Lair of Beasts on Feb 19, 2023.
             The game lasted 01:20:24 (22058 turns).

xian the Thaumaturge (Demonspawn Ice Elementalist) Turns: 22058, Time: 01:20:25

Health: -2/95      AC: 19    Str: 13    XL:     14   Next: 69%
Magic:  22/31      EV:  6    Int: 22    God:    Sif Muna [*****.]
Gold:   977        SH: 22    Dex: 14    Spells: 22/40 levels left

rFire   . . .      SeeInvis .    R - +4 rapier of Radicalism {drain, Int+2}
rCold   . . .      Faith    .    K - +1 kite shield {reflect}
rNeg    . . .      Spirit   .    X - +3 chain mail
rPois   .          Reflect  +    (no helmet)
rElec   .          Harm     .    (no cloak)
rCorr   .          Rampage  .    O - +2 pair of gloves {Str+3}
Will    +....                    (no boots)
Stlth   +                        B - amulet of reflection
HPRegen 0.35/turn                W - +4 ring of protection
MPRegen 0.22/turn                C - ring of wizardry

@: invisible
A: claws 1, large bone plates 2, ignite blood 1, demonic magic 2
a: Renounce Religion, Channel Magic, Forget Spell, Divine Exegesis


You were on level 5 of the Lair of Beasts.
You worshipped Sif Muna.
Sif Muna was extremely pleased with you.
You visited 3 branches of the dungeon, and saw 18 of its levels.
You also visited: Bailey.

You collected 1184 gold pieces.
You spent 207 gold pieces at shops.

Inventory:

Hand Weapons
 Q - a +3 arbalest of flaming
 R - the +4 rapier of Radicalism (weapon) {drain, Int+2}
   (You bought it in a shop on level 10 of the Dungeon)

   Int:       It affects your intelligence (+2).
Missiles
 d - 88 poisoned darts
 P - 5 curare-tipped darts
Armour
 G - the -2 cloak of the Amoeba {rN+ Dex+4}
   (You found it on level 6 of the Dungeon)

   Dex:       It affects your dexterity (+4).
   rN:        It protects you from negative energy.
 J - +0 steam dragon scales
 K - a +1 kite shield of reflection (worn)
 O - a +2 pair of gloves of strength (worn)
 X - a +3 chain mail (worn)
Jewellery
 c - an amulet of magic regeneration
 j - a ring of resist corrosion
 A - a ring of poison resistance
 B - an amulet of reflection (around neck)
 C - a ring of wizardry (right hand)
 W - a +4 ring of protection (left hand)
Wands
 F - a wand of iceblast (21)
 T - a wand of flame (22)
 U - a wand of charming (11)
Scrolls
 a - 2 scrolls of magic mapping
 h - a scroll of brand weapon
 i - 2 scrolls of blinking
 l - a scroll of teleportation
 o - 3 scrolls of amnesia
 t - 6 scrolls of poison
 u - 5 scrolls of fog
 w - 3 scrolls of vulnerability
 x - 5 scrolls of immolation
 y - a scroll of torment
 E - 5 scrolls of fear
 I - a scroll of silence
 N - 2 scrolls of butterflies
 V - 2 scrolls of enchant weapon
Potions
 b - 3 potions of magic
 e - 8 potions of heal wounds {unknown}
 f - 2 potions of berserk rage {unknown}
 k - 3 potions of degeneration {unknown}
 m - 5 potions of curing
 n - a potion of haste
 p - 3 potions of resistance {unknown}
 q - 3 potions of might {unknown}
 r - 5 potions of invisibility
 v - 5 potions of flight
 z - 4 potions of lignification
 D - 8 potions of attraction
 H - 5 potions of brilliance
 L - a potion of experience
 M - 4 potions of cancellation
 S - 3 potions of ambrosia
Miscellaneous
 g - a condenser vane


   Skills:
 + Level 4.0 Fighting
 + Level 5.5 Short Blades
 + Level 3.0 Armour
 + Level 5.7 Dodging
 + Level 9.6 Stealth
 + Level 7.3 Shields
 + Level 0.3 Unarmed Combat
 + Level 13.9 Spellcasting
 + Level 0.2 Conjurations
 + Level 3.8 Summonings
 + Level 13.6 Ice Magic


You had 22 spell levels left.
You knew the following spells:

 Your Spells              Type           Power      Damage    Failure   Level
a - Freeze                Ice            100%       1d10      1%          1
b - Frozen Ramparts       Ice            100%       1d16      1%          3
c - Ozocubu's Armour      Ice            66%        N/A       1%          3
d - Ensorcelled Hibernat  Hex/Ice        90%        N/A       12%         2
e - Summon Ice Beast      Ice/Summ       52%        N/A       32%         4
f - Freezing Cloud        Conj/Ice/Air   17%        6-21      99%         5

Your spell library contained the following spells:

 Spells                   Type           Power      Damage    Failure   Level
 Summon Small Mammal      Summ           100%       N/A       26%         1
 Ice Form                 Ice/Tmut       45%        N/A       56%         4
 Call Canine Familiar     Summ           32%        N/A       58%         3
 Magic Dart               Conj           64%        1d6       71%         1
 Beastly Appendage        Tmut           30%        N/A       75%         1
 Necrotise                Necr           60%        1d7       75%         1
 Sting                    Tmut/Pois      60%        1d6       75%         1
 Searing Ray              Conj           32%        2d5       83%         2
 Summon Guardian Golem    Hex/Summ       23%        N/A       83%         3
 Momentum Strike          Conj/Tloc      30%        3d8       85%         2
 Blink                    Tloc           30%        N/A       86%         2
 Lesser Beckoning         Tloc           30%        N/A       86%         2
 Poisonous Vapours        Pois/Air       30%        N/A       86%         2
 Scorch                   Fire           30%        2d6       86%         2
 Wereblood                Tmut           15%        N/A       86%         2
 Metabolic Englaciation   Hex/Ice        22%        N/A       88%         5
 Stone Arrow              Conj/Erth      30%        3d8       96%         3
 Inner Flame              Hex/Fire       15%        N/A       97%         3
 Spider Form              Tmut/Pois      15%        N/A       97%         3
 Vampiric Draining        Necr           15%        2d7       97%         3
 Anguish                  Hex/Necr       7%         N/A       100%        4
 Cause Fear               Hex            7%         N/A       100%        4
 Flame Wave               Conj/Fire      15%        2d7       100%        4
 Fulminant Prism          Conj/Hex       7%         3d7       100%        4
 Leda's Liquefaction      Hex/Erth       7%         N/A       100%        4
 Manifold Assault         Tloc           15%        N/A       100%        4
 Sticky Flame             Conj/Fire      15%        2d4       100%        4
 Agony                    Necr           15%        N/A       100%        5
 Iskenderun's Battlesphe  Conj           16%        2d7       100%        5
 Lee's Rapid Deconstruct  Erth           7%         3d7*      100%        5
 Summon Forest            Summ/Tloc      11%        N/A       100%        5
 Death Channel            Necr           7%         N/A       100%        6
 Eringya's Noxious Bog    Tmut/Pois      7%         N/A       100%        6
 Starburst                Conj/Fire      7%         6d4       100%        6
 Statue Form              Tmut/Erth      10%        N/A       100%        6
 Summon Cactus Giant      Summ           16%        N/A       100%        6
 Dragon Form              Tmut           7%         N/A       100%        7
 Storm Form               Tmut/Air       7%         N/A       100%        7
 Summon Hydra             Summ           16%        N/A       100%        7
 Discord                  Hex            7%         N/A       100%        8
 Lehudib's Crystal Spear  Conj/Erth      7%         10d3      100%        8
 Dragon's Call            Summ           16%        N/A       100%        9


Dungeon Overview and Level Annotations

Branches:
Dungeon (12/15)            Temple (1/1) D:7            Lair (5/5) D:8
 Shoals (0/4) Lair:2       Spider (0/4) Lair:2        Slime (0/5) Lair:4
    Orc (0/2) D:12         Bailey (visited)

Altars:
Ashenzari
Cheibriados
Dithmenos
Fedhas
Hepliaklqana
Makhleb
Nemelex Xobeh
Okawaru
Qazlal
Ru
Sif Muna
Trog
Uskayaw
Vehumet
Wu Jian
Xom
Yredelemnul
Jiyva

Shops:
D:10 ::(

Annotations:
D:8 exclusion: statue
D:9 exclusions: oklob plant and oklob sapling


Innate Abilities, Weirdness & Mutations

You have sharp fingernails.
You are mostly covered in large bone plates. (SH +6)
Your demonic aura sometimes causes spilled blood to erupt in flames.
Spells you cast may paralyse nearby enemies.


Message History

You stick the basilisk like a pincushion!!!
You kill the basilisk!
Sif Muna accepts your kill.
The frozen ramparts melt away as you move.
Found 39 gold pieces.
Found a glowing sapphire potion.
You open the large door. The fire dragon breathes flames at you.
The blast of flame hits you!!
Casting: Frozen Ramparts (safe; 1% risk of failure)
Confirm with . or Enter, or press ? or * to list all spells.
Casting: Frozen Ramparts (safe; 1% risk of failure)
Press: ? - help, Dir - look around, f - activate The walls around you are covered in ice.
Malevolent energies surge around you.
The fire dragon is frozen!
The wall freezes the fire dragon!
Casting: Frozen Ramparts (safe; 1% risk of failure)
Confirm with . or Enter, or press ? or * to list all spells.
A film of ice covers your body! Malevolent energies surge around you.
The fire dragon is frozen!
The wall freezes the fire dragon!
The fire dragon barely misses you. You block the fire dragon's attack.
The fire dragon tramples you but does no damage.
You freeze the fire dragon!
The fire dragon is frozen!
The fire dragon is moderately wounded.
Malevolent energies surge around you.
The wall freezes the fire dragon but does no damage.
The fire dragon breathes flames at you. The blast of flame hits you!!
* * * LOW HITPOINT WARNING * * *
The heat melts your icy armour.
You are too injured to fight recklessly!
You are too injured to fight recklessly!
You fade into invisibility!
The fire dragon is frozen!
The wall freezes the fire dragon!
Your icy armour and frozen ramparts will break if you move.
Continue?
Your icy armour cracks and falls away as you move.
The frozen ramparts melt away as you move.
The fire dragon breathes flames at you. The blast of flame hits you!!
You die...

......##§§≈§#$$..[$#≈≈#††)...#
##........§§#......#≈#......#.#
##.......#≈#......#≈.......#
##......#§#......#.≈§.....# #
8.....##≈##....##§≈#.....## #
#....##≈≈≈##''##§≈§#......# #
8.## #§≈≈≈.D§§≈≈#.........
###≈≈..≈≈............. .#
##..≈.@≈...........### #
#§.........§§...#### #
§§§§........≈§≈≈## #
#§§§§...§.§≈§≈###
##≈§§§§§.§≈≈### ##8#§§§§§§≈§# #
####8#8###§≈# .. ##### ≈≈# ..
###


You could see a fire dragon (unable to see you, catching breath).

Vanquished Creatures
  An orc warlord (Bailey)
  The ghost of barkas the Grappler, a journeyman NaTm of Cheibriados (Lair:3)
  A hydra (Lair:3)
  An ogre mage (D:10)
  A centaur warrior (D:9)
  2 boulder beetles
  4 two-headed ogres
  8 death yaks
  A tengu warrior (D:8)
  Nergalle (Lair:1)
  2 lindwurms
  2 harpies (Lair:2)
  An oklob plant (Lair:5)
  An ugly thing (D:11)
  7 black mambas
  11 elephants
  3 gargoyles
  15 cane toads
  3 molten gargoyles (Lair:5)
  5 torpor snails
  Maggie (D:7)
  A rime drake (Lair:3)
  2 kobold demonologists
  A tengu conjurer (D:8)
  11 komodo dragons
  5 polar bears
  2 trolls (D:11)
  A blink frog (Lair:2)
  A dream sheep (Lair:2)
  4 slime creatures (D:12)
  A centaur simulacrum (D:10)
  46 yaks
  8 wyverns
  7 basilisks
  2 wraiths (D:12)
  2 steam dragons
  An acid dragon (D:12)
  19 water moccasins
  4 hell hounds (Lair:5)
  16 orc warriors
  A sky beast (D:3)
  3 black bears
  3 ogres (D:5)
  13 wolves
  A phantom (D:5)
  12 centaurs
  14 kobold brigands
  12 bullfrogs
  Blork the orc (D:5)
  A necrophage (D:6)
  4 scorpions
  2 wights (D:7)
  2 howler monkeys
  A nameless horror (D:6)
  3 electric eels (Lair:3)
  5 lava snakes (Lair:5)
  4 hounds (D:5)
  9 orc priests
  A gnoll bouda (D:8)
  7 jellies
  Terence (D:3)
  Jessica (D:3)
  4 iguanas
  7 orc wizards
  9 hell rats
  20 gnolls
  15 river rats
  11 adders
  A shadow imp (D:8)
  4 white imps
  An ufetubus (D:6)
  2 worms
  59 orcs
  4 endoplasms
  2 giant cockroaches (D:3)
  12 goblins
  12 hobgoblins
  A jackal (D:9)
  3 quokkas
  13 ball pythons
  10 bats
  2 frilled lizards (D:2)
  37 kobolds
  11 rats
  2 bushes (Lair:5)
549 creatures vanquished.

Vanquished Creatures (collateral kills)
  A two-headed ogre (D:11)
  An elephant (Lair:5)
  Sigmund (D:5)
  4 orc warriors
  5 kobold brigands
  A wight (D:7)
  A gnoll (Bailey)
  A river rat (Lair:3)
15 creatures vanquished.

Vanquished Creatures (others)
  2 bushes (Lair:5)
  24 fungi
  36 plants
62 creatures vanquished.

Grand Total: 626 creatures vanquished

Notes
Turn   | Place    | Note
-------+----------+-------------------------------------------
     0 | D:1      | xian the Demonspawn Ice Elementalist began the quest for
                  | the Orb.
     0 | D:1      | Reached XP level 1. HP: 13/13 MP: 3/3
   412 | D:1      | Gained mutation: You have sharp fingernails. [demonic
                  | ancestry]
   412 | D:1      | Reached XP level 2. HP: 17/19 MP: 1/5
   478 | D:1      | Found a faded altar of an unknown god.
  1122 | D:2      | Gained mutation: You are partially covered in large bone
                  | plates. (SH +4) [demonic ancestry]
  1122 | D:2      | Reached XP level 3. HP: 24/24 MP: 4/6
  1225 | D:2      | Learned a level 3 spell: Frozen Ramparts
  1658 | D:3      | Noticed Jessica
  1671 | D:3      | Killed Jessica
  1672 | D:3      | Reached XP level 4. HP: 28/30 MP: 3/8
  1840 | D:3      | Noticed Terence
  1845 | D:3      | Killed Terence
  2042 | D:3      | Identified the +0 pair of gloves "Qisteffy" {rN+}
  2144 | D:3      | Noticed a sky beast
  2153 | D:3      | Killed a sky beast
  2154 | D:3      | Reached skill level 1 in Short Blades
  2154 | D:3      | Reached skill level 5 in Ice Magic
  2154 | D:3      | Reached XP level 5. HP: 25/35 MP: 2/10
  2266 | D:3      | Learned a level 3 spell: Ozocubu's Armour
  2269 | D:3      | Learned a level 2 spell: Ensorcelled Hibernation
  2493 | D:4      | Reached skill level 1 in Armour
  2493 | D:4      | Reached XP level 6. HP: 39/41 MP: 0/11
  3011 | D:4      | Found a hide-covered altar of Uskayaw.
  3252 | D:5      | Entered Level 5 of the Dungeon
  3568 | D:5      | Noticed Blork the orc
  3582 | D:5      | Killed Blork the orc
  3583 | D:5      | Reached XP level 7. HP: 35/46 MP: 0/13
  3810 | D:5      | Learned a level 4 spell: Summon Ice Beast
  3856 | D:5      | Noticed Sigmund
  3864 | D:5      | Killed Sigmund
  3865 | D:5      | Reached skill level 5 in Spellcasting
  4062 | D:5      | Reached skill level 1 in Shields
  4169 | D:5      | Found a snail-covered altar of Cheibriados.
  4289 | D:5      | Gained mutation: Spells you cast may paralyse adjacent
                  | enemies. [demonic ancestry]
  4289 | D:5      | Reached XP level 8. HP: 48/52 MP: 2/16
  5362 | D:6      | Identified the -2 cloak of the Amoeba {rN+ Dex+4}
  6155 | D:7      | Gained mutation: You are mostly covered in large bone
                  | plates. (SH +6) [demonic ancestry]
  6155 | D:7      | Reached XP level 9. HP: 50/58 MP: 6/19
  6726 | D:7      | Noticed Maggie
  6742 | D:7      | Killed Maggie
  6743 | D:7      | Reached skill level 1 in Summonings
  6832 | D:7      | Identified the +1 ring mail of the Fiend {-Tele rPois
                  | Regen+ Dex+4}
  7324 | D:7      | Found a staircase to the Ecumenical Temple.
  7333 | Temple   | Entered the Ecumenical Temple
  7396 | Temple   | Became a worshipper of Sif Muna the Loreminder
  7721 | D:8      | Noticed a tengu conjurer
  7722 | D:8      | Noticed a tengu warrior
  7730 | D:8      | Killed a tengu conjurer
  7734 | D:8      | Killed a tengu warrior
  7735 | D:8      | Reached XP level 10. HP: 48/64 MP: 10/22
  7759 | D:8      | Noticed a two-headed ogre
  7767 | D:8      | Killed a two-headed ogre
  7900 | D:8      | Found a radiant altar of Vehumet.
  8114 | D:8      | Reached * piety under Sif Muna
  8366 | D:8      | Found a staircase to the Lair.
  8848 | D:9      | Reached skill level 1 in Fighting
  8875 | D:9      | Found a flagged portal.
  8893 | Bailey   | Entered a bailey
  9013 | Bailey   | Reached ** piety under Sif Muna
  9123 | Bailey   | Noticed an orc warlord
  9141 | Bailey   | Killed an orc warlord
  9367 | Bailey   | Reached skill level 5 in Shields
  9367 | Bailey   | Reached skill level 10 in Ice Magic
  9367 | Bailey   | Gained mutation: Your demonic aura sometimes causes spilled
                  | blood to erupt in flames. [demonic ancestry]
  9367 | Bailey   | Reached XP level 11. HP: 75/75 MP: 24/24
  9391 | Bailey   | Reached skill level 5 in Stealth
 10053 | D:9      | Noticed a centaur warrior
 10062 | D:9      | Killed a centaur warrior
 10135 | D:9      | Noticed a sun demon
 10140 | D:9      | Reached *** piety under Sif Muna
 10154 | D:9      | Reached XP level 12. HP: 52/81 MP: 1/25
 10159 | D:9      | Reached skill level 10 in Spellcasting
 10438 | D:9      | Got the Book of Nature
 11179 | D:10     | Entered Level 10 of the Dungeon
 11232 | D:10     | Noticed an ogre mage
 11259 | D:10     | Killed an ogre mage
 11260 | D:10     | Reached skill level 5 in Dodging
 11451 | D:10     | Found Adoq's Antique Weapon Boutique.
 11461 | D:10     | Bought a shimmering rapier for 207 gold pieces
 11461 | D:10     | Identified the +4 rapier of Radicalism {drain, Int+2} (You
                  | bought it in a shop on level 10 of the Dungeon)
 11467 | D:10     | Found Wuinec's Book Shoppe.
 11629 | D:10     | Noticed a two-headed ogre
 11639 | D:10     | Killed a two-headed ogre
 11805 | D:10     | Noticed a two-headed ogre
 11810 | D:10     | Killed a two-headed ogre
 12054 | D:10     | Found Qos Loemm's Book Emporium.
 12303 | D:11     | Noticed a two-headed ogre
 12316 | D:11     | Killed a two-headed ogre
 12673 | D:12     | Reached **** piety under Sif Muna
 12744 | D:12     | Found a staircase to the Orcish Mines.
 13374 | D:12     | Found a shimmering blue altar of Sif Muna.
 13711 | D:11     | Noticed a two-headed ogre
 13716 | D:11     | Killed a two-headed ogre
 14462 | Lair:1   | Entered Level 1 of the Lair of Beasts
 14603 | Lair:1   | Found an ornate altar of the Wu Jian Council.
 14880 | Lair:1   | Reached ***** piety under Sif Muna
 14881 | Lair:1   | Gained mutation: Spells you cast may paralyse nearby
                  | enemies. [demonic ancestry]
 14881 | Lair:1   | Reached XP level 13. HP: 87/87 MP: 19/28
 14967 | Lair:1   | Noticed Nergalle
 14972 | Lair:1   | Killed Nergalle
 15440 | Lair:1   | Received a gift from Sif Muna
 15475 | Lair:1   | Found a snail-covered altar of Cheibriados.
 16690 | Lair:2   | Reached skill level 5 in Short Blades
 17137 | Lair:2   | Found a hole to the Spider Nest.
 17283 | Lair:2   | Found a staircase to the Shoals.
 17831 | Lair:3   | Received a gift from Sif Muna
 17837 | Lair:3   | Got Sif Muna's Information on Foggy Wounds {god gift}
 17844 | Lair:3   | Learned a level 5 spell: Freezing Cloud
 18070 | Lair:3   | Upgraded the game from 0.30-a0-782-ge64f9170bb to
                  | 0.30-a0-793-g160f7cfddd
 18115 | Lair:3   | Reached XP level 14. HP: 94/94 MP: 22/30
 19212 | Lair:3   | Found a runed translucent door.
 19214 | Lair:3   | Noticed barkas's ghost (journeyman NaTm)
 19233 | Lair:3   | Killed barkas's ghost
 19474 | Lair:3   | Identified the +2 leather armour of Amaef {Dex+6}
 20268 | Lair:4   | Found a staircase to the Slime Pits.
 20270 | Lair:4   | Found a viscous altar of Jiyva.
 20792 | Lair:5   | Entered Level 5 of the Lair of Beasts
 20916 | Lair:5   | Received a gift from Sif Muna
 20920 | Lair:5   | Got Sif Muna's Book of Boreal Left-Handed Spells {god gift}
 22044 | Lair:5   | Found a large runed translucent door.
 22044 | Lair:5   | Found a large runed translucent door.
 22058 | Lair:5   | Killed from afar by a fire dragon

Illustrated notes

Levels and vault maps discovered:
D:1:      dpeg_arrival_boxorama, layout_basic,
          shapermc_ecumenical_altar_flowoftime
D:2:      layout_basic
D:3:      layout_rooms, uniq_jessica, uniq_terence
D:4:      layout_rooms, general_overflow_altar, serial_bayou_pond_d
D:5:      layout_basic, mainiacjoe_overflow_brackets, minmay_joined_circles,
          uniq_sigmund, uniq_blork_the_orc
D:6:      layout_basic, dk_noncrumbling_2
D:7:      layout_loops_ring, lemuel_temple_firewalk_b, uniq_maggie
D:8:      layout_loops_corners, vehumet_statue, lair_entry_dummy,
          kennysheep_pointless_box
D:9:      layout_roguey, special_room [special_room_kobold],
          serial_co_window_serial, co_window_corner_a, co_window_paths_a,
          co_window_of_opportunity_a, co_window_paths_a, co_window_corner_a,
          co_window_corner_a, co_window_corner_b, co_window_corner_b,
          co_window_of_opportunity_c, co_window_of_opportunity_c,
          co_window_2corner, co_window_corner_b, enter_bailey_4,
          introduction_to_nature_1
D:10:     layout_roguey, serial_shops, kennysheep_little_box,
          nicolae_shop_crystal, nicolae_shop_competitors_out_of_business,
          minmay_checkerbox
D:11:     layout_stronghold, billiards_dpeg
D:12:     layout_loops_ring, david_orc_4, led_sif_pool
Temple:   compressed_dpeg_triangle_lava_temple
Lair:1:   layout_layer_cave, basic_altar, chequers_serial_rivers_room_a,
          kennysheep_snail_temple, uniq_nergalle
Lair:2:   nzn_winding_woodlands_huge [nzn_winding_woodlands_5x15_sawtooth,
          nzn_winding_woodlands_5x15_sidewinder,
          nzn_winding_woodlands_5x15_garden,
          nzn_winding_woodlands_5x15_lazy_stream,
          nzn_winding_woodlands_5x15_crooked,
          nzn_winding_woodlands_5x15_pathside_ponds,
          nzn_winding_woodlands_5x15_pool, nzn_winding_woodlands_5x15_twine,
          nzn_winding_woodlands_5x15_cabin,
          nzn_winding_woodlands_5x15_concentric,
          nzn_winding_woodlands_center_lodge,
          nzn_winding_woodlands_center_garden,
          nzn_winding_woodlands_15x15_killbox], layout_chaotic_city,
          nicolae_shoals_entry_roost, spider_nest_entry_web_field,
          kennysheep_rathole, infiniplex_staircase_pool_2
Lair:3:   layout_gridlike, ebering_ghost_reflecting_pool,
          kennysheep_abandoned_house
Lair:4:   layout_regular_city, nicolae_slime_entry_field_trip
Lair:5:   cheibrodos_lair_end_hotspot, layout_long_grid,
          minmay_lair_oklob_bushes

Skill      XL: |  1  2  3  4  5  6  7  8  9 10 11 12 13 14 |
---------------+-------------------------------------------+-----
Ice Magic      | 4 5 6 7 8 10 11 13 | 13.6
Stealth        | 2 3 4 5 7 8 9 |  9.6
Spellcasting   | 3 4 5 6 8 9 11 12 13 | 13.9
Short Blades   | 1 2 3 4 5 |  5.5
Armour         | 1 2 3 |  3.0
Dodging        | 2 3 4 5 |  5.7
Shields        | 1 2 3 5 6 7 |  7.3
Summonings     | 1 3 |  3.8
Fighting       | 3 4 |  4.0
Unarmed Combat | |  0.3
Conjurations   | |  0.2

Action                     |  1- 3 |  4- 6 |  7- 9 | 10-12 | 13-15 || total
---------------------------+-------+-------+-------+-------+-------++-------
  Melee: Unarmed           |    23 |       |       |       |       ||    23
         Dagger            |     9 |    32 |    82 |    62 |       ||   185
         Punch             |     1 |       |     1 |       |       ||     2
         Rapier            |       |       |       |    51 |   307 ||   358
   Cast: Freeze            |    41 |    65 |    87 |   143 |   202 ||   538
         Frozen Ramparts   |     2 |     8 |    19 |    60 |    61 ||   150
         Ozocubu's Armour  |       |     2 |    11 |    27 |    33 ||    73
         Summon Ice Beast  |       |       |     9 |     7 |     7 ||    23
         Freezing Cloud    |       |       |       |       |     1 ||     1
    Use: Scroll            |       |       |     6 |    16 |     9 ||    31
         Potion            |       |       |       |     3 |     1 ||     4
   Stab: Paralysed         |       |       |    12 |    51 |    88 ||   151
         Sleeping          |       |       |     1 |     5 |     8 ||    14
         Distracted        |       |       |       |       |     2 ||     2
 Armour: Robe              |     7 |       |       |       |       ||     7
         Leather armour    |       |    13 |    20 |       |       ||    33
         Steam dragon scal |       |       |     3 |    30 |    62 ||    95
         Chain mail        |       |       |       |       |    49 ||    49
  Dodge: Dodged            |    43 |    36 |    57 |    59 |    90 ||   285
  Block: Other             |       |    15 |    35 |       |       ||    50
         Buckler           |       |       |    50 |       |       ||    50
         Reflection        |       |       |     6 |    31 |    14 ||    51
         Kite shield       |       |       |       |   223 |   396 ||   619

Table legend: (Time is in decaauts)
 A = Elapsed time spent in this place.
 B = Non-inter-level travel time spent in this place.
 C = Inter-level travel time spent in this place.
 D = Time resting spent in this place.
 E = Time spent auto-exploring this place.
 F = Levels seen in this place.
 G = Mean time per level.
                   A        B        C        D        E       F      G
               +--------+--------+--------+--------+--------+-----+--------+
         Total |  22136 |  21609 |    527 |   1129 |  15665 |  19 | 1165.1 |
       Dungeon |  13643 |  13149 |    494 |    317 |  10066 |  12 | 1136.9 |
        Temple |     97 |     97 |      0 |      0 |      0 |   1 |   97.0 |
          Lair |   7680 |   7647 |     33 |    646 |   5368 |   5 | 1536.0 |
        Bailey |    714 |    714 |      0 |    166 |    230 |   1 |  714.0 |
               +--------+--------+--------+--------+--------+-----+--------+

Top non-repeatable levels by time:
  Lair:3: 1899 daAuts
     D:9: 1762 daAuts
  Lair:2: 1753 daAuts
  Lair:1: 1668 daAuts
     D:6: 1467 daAuts
     D:5: 1388 daAuts
     D:7: 1339 daAuts
    D:11: 1301 daAuts
  Lair:5: 1275 daAuts
     D:8: 1275 daAuts
  Lair:4: 1083 daAuts
    D:12: 950 daAuts
     D:3: 920 daAuts
    D:10: 908 daAuts
     D:1: 851 daAuts
